 Dungeon Crawl Stone Soup version 0.19-a0-1008-g4c63d25 (webtiles) character file.

73710 Gagarin the Severer (level 15, -17/204 HPs)
             Began as a Minotaur Fighter on July 19, 2016.
             Was the Champion of Hepliaklqana.
             Killed from afar by a raiju (20 damage)
             ... with a living lightning
             ... on level 5 of the Abyss on July 22, 2016.
             The game lasted 01:39:40 (23435 turns).

Gagarin the Severer (Minotaur Fighter)             Turns: 23435, Time: 01:39:41

Health: -17/204    AC: 27    Str: 26    XL:     15   Next: 4%
Magic:  15/15      EV:  2    Int:  4    God:    Hepliaklqana [******]
Gold:   2224       SH: 15    Dex: 10    Spells: 0 memorised, 14 levels left

rFire  . . .     SeeInvis .     V - +2 war axe (elec)
rCold  . . .     Gourm    .     (armour currently unavailable)
rNeg   + + +     Faith    .     c - +1 shield
rPois  +         Spirit   .     (helmet currently unavailable)
rElec  .         Dismiss  .     (cloak currently unavailable)
rCorr  .         Reflect  .     (gloves currently unavailable)
SustAt .         Harm     .     (boots currently unavailable)
MR     ++...     NoTele   +     P - amulet of rage
Stlth  ++++......               X - ring of positive energy
                                o - ring of flight

@: tree-form, non-regenerating, diseased, very resistant to hostile
enchantments, stealthy
A: (retaliatory headbutt), (horns 0), dopey 1, magic resistance 1, screaming 1,
no device heal 2, subdued magic 2
a: Recall Ancestor, Ancestor Identity, Transference, Idealise, Renounce
Religion, Evoke Berserk Rage


You were on level 5 of the Abyss.
You worshipped Hepliaklqana.
Hepliaklqana was exalted by your worship.
You were very hungry.
You were a tree.
You visited 5 branches of the dungeon, and saw 20 of its levels.
You visited the Abyss 1 time.
You also visited: Sewer.

You collected 2787 gold pieces.
You spent 563 gold pieces at shops.

Inventory:

Hand Weapons
 r - a +0 broad axe
 x - a +3 battleaxe of flaming
 y - a +0 hand crossbow
 O - a +0 battleaxe of venom
 V - a +2 war axe of electrocution (weapon)
Missiles
 h - 35 bolts
 s - a throwing net (quivered)
Armour
 c - a +1 shield (worn)
 j - a +0 plate armour of cold resistance
 k - a +0 pair of boots of stealth
 t - a +7 plate armour (melded)
 u - a +2 pair of gloves (melded)
 z - a troll hide
 E - a +2 hat of see invisible (melded)
 Q - a +2 chain mail of positive energy
 Y - a +2 plate armour of cold resistance
Jewellery
 o - a ring of flight (left branch)
 P - an amulet of rage (around neck)
 X - a ring of positive energy (right branch)
Wands
 e - a wand of paralysis (4/24)
 i - a wand of lightning (6/15)
 J - a wand of lightning (8/15)
 K - a wand of confusion (22/48)
 U - a wand of digging (10/24)
 Z - a wand of disintegration (15/24)
Scrolls
 a - 7 scrolls of remove curse
 m - 6 scrolls of magic mapping
 n - 3 scrolls of identify
 p - 2 scrolls of fog
 v - 2 scrolls of enchant weapon
 w - a scroll of fear
 A - 3 scrolls of recharging
 R - 2 scrolls of enchant armour
 W - a scroll of blinking
Potions
 b - a potion of might
 l - 2 potions of lignification
 B - a potion of heal wounds
 D - a potion of agility {unknown}
 H - 4 potions of flight
 I - a potion of ambrosia
 L - 3 potions of curing
Books
 M - a book of the Warp

   Spells                             Type                      Level
   a - Recall                         Summoning/Translocation      3
   b - Gell's Gravitas                Hexes/Translocation          3
   c - Force Lance                    Conjuration/Translocation    4
   d - Warp Weapon                    Charms/Translocation         5
   e - Summon Forest                  Summoning/Translocation      5
 S - a Fen Folio

   Spells                             Type                      Level
   a - Corpse Rot                     Necromancy                   2
   b - Stone Arrow                    Conjuration/Earth            3
   c - Leda's Liquefaction            Hexes/Earth                  4
   d - Summon Forest                  Summoning/Translocation      5
   e - Hydra Form                     Transmutation                6
   f - Summon Hydra                   Summoning                    7
 T - a book of Misfortune

   Spells                             Type                      Level
   a - Confusing Touch                Hexes                        1
   b - Confuse                        Hexes                        3
   c - Gell's Gravitas                Hexes/Translocation          3
   d - Petrify                        Transmutation/Earth          4
   e - Metabolic Englaciation         Hexes/Ice                    5
   f - Yara's Violent Unravelling     Hexes/Transmutation          5
Comestibles
 d - 10 royal jellies
 f - 6 bread rations
 g - 4 beef jerkies
 q - 2 meat rations
 C - 3 slices of pizza


   Skills:
 + Level 13.5 Fighting
 + Level 15.9 Axes
   Level 0.2(0.3) Slings
 + Level 3.4 Crossbows
 + Level 0.2 Throwing
 + Level 13.3 Armour
 + Level 10.1 Dodging
 + Level 5.0 Stealth
 + Level 15.2 Shields
 + Level 0.6 Invocations
 + Level 1.9 Evocations


You had 14 spell levels left.
You didn't know any spells.

Dungeon Overview and Level Annotations

Branches:
Dungeon (10/15)            Temple (1/1) D:4            Lair (6/6) D:10
 Shoals (0/4) Lair:2       Spider (0/4) Lair:4        Slime (0/5) Lair:5
    Orc (2/2) D:9             Elf (1/3) Orc:2

Altars:
Ashenzari
Cheibriados
Dithmenos
Elyvilon
Fedhas
Gozag
Hepliaklqana
Kikubaaqudgha
Makhleb
Nemelex Xobeh
Okawaru
Pakellas
Qazlal
Ru
Sif Muna
Trog
Uskayaw
Vehumet
Xom
Yredelemnul
Zin
The Shining One
Beogh

Shops:
D:4 !   D:5 (   D:6 [   Orc:2 }[!(

Annotations:
D:4 nextgen's ghost, amateur DsFi
Elf:1 Aizul


Innate Abilities, Weirdness & Mutations

((You reflexively headbutt those who attack you in melee.))
((You have a pair of horns on your head.))
You are resistant to hostile enchantments. (MR+)
You occasionally shout uncontrollably at your foes.
[You are dopey. (Int -2)]
[Potions and wands are poor at restoring your health.]
[Your spells are easier to cast, but less powerful.]


Message History

* * * LOW HITPOINT WARNING * * *
The raiju blinks! x3; The Hell Sentinel hits you.
* * * LOW HITPOINT WARNING * * *
The Hell Sentinel hits you but does no damage.
A rakshasa comes into view. It is wielding a long sword.
You slash the Hell Sentinel!
The Hell Sentinel is lightly wounded.
You hit the raiju. You miss the raiju.
The raiju bursts into living lightning!
Helpless, you fail to dodge the living lightning.
* * * LOW HITPOINT WARNING * * *
The living lightning hits the Hell Sentinel.
The Hell Sentinel completely resists.
The living lightning hits the raiju.
The raiju completely resists.
The raiju blinks! x3
The rakshasa weaves an illusion.
The raiju shimmers and seems to become two!
The raiju bursts into living lightning!
The living lightning hits the Hell Sentinel.
The Hell Sentinel completely resists.
The living lightning hits you! x2
You die...

###. ...... #
.... .## . .##..
._. ####........
#.# ..##...#.
..#x###†.*x#...1
##.♣1h.#.. #.##
# #hh##.........
....
..h#...#.##..#.
#..R....#.#...#
.
..h#...##......
.. ###. #...#...
# ## #####.. #
..#. #.###


You could see a Hell Sentinel, a wretched star, a rakshasa, a hell hog, an
ancient zyme, 4 raiju and a small abomination.

Vanquished Creatures
  2 orc warlords
  An ophan (Abyss:5)
  A deep elf annihilator (Elf:1)
  Josephine (Lair:5)
  4 hydras
  Urug (Lair:3)
  3 orc high priests
  4 dancing weapons (Elf:1)
  A thrashing horror (Abyss:5)
  A wretched star (Abyss:5)
  2 hill giants (Elf:1)
  A wizard (Elf:1)
  A necromancer (Lair:2)
  2 griffons
  2 orc sorcerers
  6 deep elf magi (Elf:1)
  9 orc knights
  3 elephants (Lair:5)
  A siren (Lair:2)
  3 black mambas
  A smoke demon (Abyss:5)
  A rime drake (Lair:4)
  15 spiny frogs
  5 komodo dragons
  3 trolls
  A two-headed ogre (D:10)
  3 giant leeches (Lair:6)
  A boulder beetle (Lair:3)
  A raiju (Abyss:3)
  3 blink frogs
  A redback (Lair:4)
  A wyvern (D:8)
  6 wraiths
  A human (D:9)
  27 yaks
  4 hippogriffs
  A hungry ghost (D:8)
  3 vampire mosquitoes
  4 wargs
  A hell hound (Abyss:3)
  4 water moccasins
  6 porcupines
  A small abomination (Abyss:3)
  2 ice beasts (D:9)
  37 orc warriors
  7 ogres
  2 phantoms
  3 sky beasts
  11 wolves
  2 boggarts (Elf:1)
  A centaur (D:10)
  3 crocodiles
  5 big kobolds
  10 giant frogs
  An earth elemental (Elf:1)
  2 scorpions
  3 wights
  11 killer bees (D:10)
  2 howler monkeys
  A vampire bat (Lair:6)
  3 electric eels (Lair:6)
  5 crimson imps
  4 jellies
  19 orc priests
  A hound (D:6)
  A centaur skeleton (D:6)
  3 iron imps (D:3)
  25 orc wizards
  4 gnoll shamans
  6 iguanas
  A giant frog skeleton (D:5)
  3 polar bear simulacra (Lair:2)
  6 worker ants
  4 yak simulacra (Lair:2)
  2 wolf simulacra (Lair:2)
  A killer bee zombie (D:9)
  17 sheep
  Robin (D:2)
  A howler monkey zombie (D:6)
  32 gnolls
  11 adders
  37 river rats
  A shadow imp (D:9)
  7 oozes (Sewer)
  3 adder skeletons
  5 worms
  5 dart slugs
  6 giant geckos
  86 orcs
  17 bats
  7 giant cockroaches
  11 hobgoblins
  26 jackals
  20 kobolds
  11 quokkas
  3 ball pythons
  A giant gecko skeleton (D:5)
  5 giant newts
  16 goblins
  9 rats
  A river rat simulacrum (Lair:2)
  A bush (D:5)
  A fungus (Lair:5)
  5 plants
680 creatures vanquished.

Vanquished Creatures (collateral kills)
  An orc warlord (Orc:2)
  2 hydras
  Nergalle (Orc:1)
  2 deep elf archers (Elf:1)
  2 orc knights
  4 deep elf magi
  3 griffons (Lair:6)
  2 elephants
  6 spiny frogs
  A queen bee (D:10)
  A jumping spider (Lair:4)
  A troll (Orc:2)
  A giant leech (Lair:6)
  4 blink frogs
  A raiju (Abyss:5)
  15 yaks
  A hungry ghost (D:8)
  A basilisk (Lair:5)
  A vampire mosquito (Lair:6)
  2 wargs
  7 water moccasins
  2 porcupines
  2 sky beasts
  13 orc warriors
  2 ogres
  5 wolves
  A centaur (D:5)
  7 crocodiles
  A big kobold (Sewer)
  9 giant frogs
  A wyvern skeleton (D:6)
  A scorpion (D:10)
  10 killer bees (D:10)
  A howler monkey (D:5)
  5 wights
  4 electric eels (Lair:6)
  2 crimson imps
  A giant frog zombie (D:6)
  A quasit (D:8)
  11 orc priests
  3 hounds
  2 giant frog skeletons
  5 orc wizards
  2 iguanas
  3 worker ants
  A polar bear simulacrum (Lair:2)
  8 sheep
  A hound zombie (D:9)
  An adder (D:8)
  9 river rats
  2 giant geckos
  23 orcs
  A kobold (Sewer)
  2 bats (Lair:6)
  A rat (Sewer)
202 creatures vanquished.

Vanquished Creatures (others)
  22 battlemagi
  An ancestor (D:5)
  A gnoll (Orc:1)
  A bush (Lair:2)
  24 fungi
  30 plants
  5 starspawn tentacles
  5 starspawn tentacle segments
89 creatures vanquished.

Grand Total: 971 creatures vanquished

Notes
Turn   | Place    | Note
-------+----------+-------------------------------------------
     0 | D:1      | Gagarin the Minotaur Fighter began the quest for the Orb.
     0 | D:1      | Reached XP level 1. HP: 19/19 MP: 0/0
   438 | D:1      | Reached XP level 2. HP: 25/27 MP: 1/1
   772 | D:1      | Reached XP level 3. HP: 33/33 MP: 2/2
   775 | D:1      | Reached skill level 1 in Dodging
  1251 | D:2      | Found a white marble altar of Elyvilon.
  1314 | D:2      | Found a basalt altar of Yredelemnul.
  1404 | D:2      | Noticed Robin
  1410 | D:2      | Reached XP level 4. HP: 34/40 MP: 3/3
  1416 | D:2      | Killed Robin
  1786 | D:2      | Gained mutation: You are weak. (Str -2) [potion of mutation]
  1786 | D:2      | Lost mutation: You are weak. (Str -2) [potion of mutation]
  1786 | D:2      | Gained mutation: You occasionally shout uncontrollably at your foes. [potion of mutation]
  2155 | D:3      | Reached XP level 5. HP: 46/46 MP: 4/4
  2160 | D:3      | Found a sparkling altar of Nemelex Xobeh.
  2255 | D:3      | Found a burning altar of Makhleb.
  2283 | D:3      | Reached skill level 5 in Shields
  2518 | D:3      | Reached XP level 6. HP: 53/53 MP: 5/5
  2802 | D:3      | Reached skill level 5 in Armour
  2802 | D:3      | Reached skill level 5 in Fighting
  2901 | D:3      | Reached XP level 7. HP: 40/61 MP: 6/6
  3952 | D:4      | Reached skill level 5 in Axes
  4011 | D:4      | Found a staircase to the Ecumenical Temple.
  4071 | Temple   | Entered the Ecumenical Temple
  4262 | Temple   | Became a worshipper of Hepliaklqana
  4294 | D:5      | Entered Level 5 of the Dungeon
  4404 | D:4      | Found Heimussi's Distillery.
  4411 | D:4      | Bought a potion of degeneration for 10 gold pieces
  4436 | D:4      | Reached XP level 8. HP: 52/70 MP: 7/7
  4476 | D:4      | Noticed nextgen's ghost (amateur DsFi)
  5077 | D:5      | Reached * piety under Hepliaklqana
  5107 | D:5      | Reached skill level 5 in Dodging
  5629 | D:5      | Found Pocupp's Antique Weapon Shoppe.
  5795 | D:6      | Found an iron altar of Okawaru.
  5818 | D:6      | Reached XP level 9. HP: 78/78 MP: 8/8
  5860 | D:6      | Found a glowing drain.
  5864 | Sewer    | Entered a sewer
  5889 | Sewer    | Reached skill level 1 in Stealth
  6535 | D:6      | Found a shadowy altar of Dithmenos.
  6535 | D:6      | Found a radiant altar of Vehumet.
  6535 | D:6      | Found a deep blue altar of Sif Muna.
  6556 | D:6      | Reached ** piety under Hepliaklqana
  6557 | D:6      | Remembered your ancestor Necuametl as a battlemage
  6738 | D:6      | Found Judofa's Armour Shop.
  6747 | D:6      | Bought a +2 hat of see invisible for 273 gold pieces
  6899 | D:6      | Found a snail-covered altar of Cheibriados.
  6913 | D:6      | Found an ancient bone altar of Kikubaaqudgha.
  6914 | D:6      | Found a stormy altar of Qazlal.
  7679 | D:8      | Reached *** piety under Hepliaklqana
  7722 | D:8      | Reached XP level 10. HP: 88/88 MP: 9/9
  7740 | D:8      | Noticed an angel
  7740 | D:8      | Found a glowing silver altar of Zin.
  7740 | D:8      | Found a shimmering altar of Xom.
  8468 | D:9      | Found a staircase to the Orcish Mines.
  8493 | D:9      | Reached skill level 10 in Shields
  9143 | D:10     | Entered Level 10 of the Dungeon
  9227 | D:10     | Found a staircase to the Lair.
  9227 | D:10     | Noticed an elephant
  9240 | D:10     | Killed an elephant
  9287 | D:10     | Reached **** piety under Hepliaklqana
  9327 | D:10     | Reached XP level 11. HP: 95/97 MP: 10/10
  9562 | D:10     | Reached skill level 10 in Axes
  9907 | Lair:1   | Entered Level 1 of the Lair of Beasts
 10096 | Lair:1   | Noticed a four-headed hydra
 10105 | Lair:1   | Killed a four-headed hydra
 10541 | Lair:1   | Reached skill level 1 in Crossbows
 10892 | Lair:2   | Noticed a seven-headed hydra
 10907 | Lair:1   | Reached skill level 10 in Fighting
 10915 | Lair:1   | Reached skill level 10 in Armour
 10981 | Lair:2   | Reached ***** piety under Hepliaklqana
 11147 | Lair:2   | Killed a seven-headed hydra
 11224 | Lair:2   | Got a crude rapier
 11405 | Lair:2   | Reached XP level 12. HP: 74/107 MP: 11/11
 11989 | Lair:2   | Found a staircase to the Shoals.
 12624 | Lair:3   | Noticed Urug
 12635 | Lair:3   | Killed Urug
 13358 | Lair:4   | Upgraded the game from 0.19-a0-1007-g133f65f to 0.19-a0-1008-g4c63d25
 13672 | Lair:4   | Reached ****** piety under Hepliaklqana
 13871 | Lair:4   | Found a hole to the Spider Nest.
 14387 | Lair:4   | You fall through a shaft for 2 floors!
 14387 | Lair:6   | Entered Level 6 of the Lair of Beasts
 14848 | Lair:5   | Noticed Josephine
 14860 | Lair:5   | Killed Josephine
 14860 | Lair:5   | Reached XP level 13. HP: 111/116 MP: 12/12
 15204 | Lair:1   | Identified the +9 rapier "Zoikh" {pierce, rF- Str+2 Dex+4} (You found it on level 2 of the Lair of Beasts)
 15772 | Lair:5   | Found a staircase to the Slime Pits.
 18009 | Orc:1    | Entered Level 1 of the Orcish Mines
 18014 | Orc:1    | Noticed Nergalle
 18031 | Orc:1    | Killed Nergalle
 18055 | Orc:1    | Reached XP level 14. HP: 68/127 MP: 13/13
 18573 | Orc:1    | Found a roughly hewn altar of Beogh.
 18695 | Orc:2    | Entered Level 2 of the Orcish Mines
 19146 | Orc:2    | Found a staircase to the Elven Halls.
 19354 | Orc:2    | Found a roughly hewn altar of Beogh.
 19399 | Orc:2    | Found a roughly hewn altar of Beogh.
 19400 | Orc:2    | Found Yfauc's Distillery.
 19433 | Orc:2    | Bought a potion of flight for 33 gold pieces
 19433 | Orc:2    | Bought a potion of ambrosia for 88 gold pieces
 19433 | Orc:2    | Bought a potion of flight for 33 gold pieces
 19480 | Orc:2    | Noticed an orc warlord
 19628 | Orc:2    | Found a roughly hewn altar of Beogh.
 19629 | Orc:2    | Found Yluif's Gadget Shoppe.
 19898 | Orc:2    | Reached skill level 10 in Dodging
 19907 | Orc:2    | Noticed an orc warlord
 20183 | Orc:2    | Killed an orc warlord
 20374 | Orc:2    | Killed an orc warlord
 20374 | Orc:2    | Reached skill level 1 in Evocations
 20388 | Orc:2    | Found Yfacleq's Antique Armour Emporium.
 20390 | Orc:2    | Found Dar Petisoy's Antique Weapon Shoppe.
 20405 | Orc:2    | Found a roughly hewn altar of Beogh.
 20421 | Orc:2    | Bought a pair of runed boots for 126 gold pieces
 20477 | Orc:2    | Found a roughly hewn altar of Beogh.
 20838 | Orc:1    | Gained mutation: You are resistant to hostile enchantments. (MR+) [potion of beneficial mutation]
 20854 | Elf:1    | Entered Level 1 of the Elven Halls
 20925 | Elf:1    | Reached skill level 15 in Axes
 21696 | Elf:1    | Noticed Aizul
 21987 | Elf:1    | Noticed an orc warlord
 22003 | Elf:1    | Killed an orc warlord
 22003 | Elf:1    | Reached skill level 15 in Shields
 22771 | Elf:1    | Reached skill level 5 in Stealth
 22775 | Elf:1    | Noticed a deep elf sorcerer
 22791 | Elf:1    | Cast into level 3 of the Abyss (a deep elf sorcerer)
 22805 | Abyss:3  | Found a corrupted altar of Lugonu.
 22814 | Abyss:3  | Found a corrupted altar of Lugonu.
 22872 | Abyss:3  | Noticed a tentacled starspawn
 22879 | Abyss:3  | Found a corrupted altar of Lugonu.
 22903 | Abyss:3  | Found a corrupted altar of Lugonu.
 22994 | Abyss:5  | Entered Level 5 of the Abyss
 23031 | Abyss:5  | Noticed a starcursed mass
 23250 | Abyss:5  | Noticed a tentacled starspawn
 23252 | Abyss:5  | Noticed a tentacled starspawn
 23253 | Abyss:5  | Noticed a starcursed mass
 23253 | Abyss:5  | Noticed a starcursed mass
 23256 | Abyss:5  | Reached XP level 15. HP: 136/136 MP: 15/15
 23291 | Abyss:5  | Noticed an Executioner
 23422 | Abyss:5  | Noticed a Hell Sentinel
 23426 | Abyss:5  | Found a corrupted altar of Lugonu.
 23435 | Abyss:5  | HP: 3/204 [raiju/living lightning (14)]
 23435 | Abyss:5  | Killed from afar by a raiju

Vault maps used:
D:1:      dpeg_arrival_signposts
D:2:      kennysheep_ying_yang, uniq_robin
D:3:      lemuel_castle_with_subvaults, nemelex_xobeh_ov_fountains_minmay,
          demons_altar, kennysheep_generic_room_13
D:4:      first_bread, serial_shops, shop
D:5:      serial_shops, kennysheep_little_box, lexackson_kobold_supper
D:6:      minitemple, gammafunk_temple_overflow_claw, basic_altar, serial_shops,
          shop, gup_sewer_entry_bowl, hangedman_decor_growths
D:7:      nicolae_lava_and_water
D:8:      grunt_temple_overflow_order_and_chaos_1
D:9:      erik_orc_4
D:10:     david_lair_generic, david_nohive_1
Temple:   dpeg_chambers_temple
Lair:2:   minmay_shoals_entry_lonely_mermaid, minmay_hedge_maze,
          eino_house_with_fridge, grunt_megastairs_3
Lair:3:   nicolae_quartered_pool_super, grunt_megastairs_2, uniq_urug
Lair:4:   spider_nest_entry_a
Lair:5:   dpeg_slime_entry_corner, uniq_josephine
Lair:6:   minmay_lair_end_frog_pond, roderic_batcave
Orc:1:    basic_altar, uniq_nergalle
Orc:2:    grunt_orc_community_town_hall, grunt_orc_community_big_house_1,
          grunt_orc_community_big_house_1, grunt_orc_community_house_3,
          grunt_orc_community_house_1, grunt_orc_community_house_2,
          grunt_orc_community_house_1, grunt_orc_community_house_1,
          grunt_orc_community_house_1
Elf:1:    special_room, hangedman_elf_disciples, hex_large, minmay_shop_grove,
          uniq_aizul
Abyss:3:  minivault_5
Abyss:5:  guppyfry_abyss_exit_imp_island, hangedman_cross_veins,
          hangedman_abyss_or_decor_lesser_grid, hangedman_abyss_monster_moat,
          hangedman_abyss_theft, nicolae_abyss_rune_left_handed,
          evilmike_abyss_exit_8
Sewer:    sewer_co_tree

Skill      XL: |  1  2  3  4  5  6  7  8  9 10 11 12 13 14 |
---------------+-------------------------------------------+-----
Armour         | 4 5 6 8 9 10 11 12 13 | 13.3
Shields        | 4 5 6 7 9 10 12 13 14 15 | 15.2
Dodging        | 1 2 3 4 5 6 7 8 9 10 | 10.1
Fighting       | 4 5 6 8 9 10 11 12 13 | 13.5
Axes           | 3 4 5 6 8 9 11 12 14 15 | 15.9
Stealth        | 1 2 3 4 5 |  5.0
Crossbows      | 1 3 |  3.4
Evocations     | 1 |  1.9
Slings         | |  0.2
Throwing       | |  0.2
Invocations    | |  0.6

Action                   |  1- 3 |  4- 6 |  7- 9 | 10-12 | 13-15 || total
-------------------------+-------+-------+-------+-------+-------++-------
Melee: War axe           |   109 |    62 |       |       |   308 ||   479
       Headbutt          |    11 |    27 |    80 |   118 |   168 ||   404
       Broad axe         |       |    99 |   328 |   577 |   471 ||  1475
       Hand axe          |       |       |    93 |     8 |       ||   101
 Fire: Hunting sling     |       |       |     1 |       |       ||     1
       Hand crossbow     |       |       |     2 |    11 |    39 ||    52
Throw: Throwing net      |       |       |       |     1 |     1 ||     2
Invok: Ancestor Identity |       |       |     1 |       |       ||     1
       Recall Ancestor   |       |       |     1 |       |     2 ||     3
       Ancestor Life: Ba |       |       |     1 |       |       ||     1
       Idealise          |       |       |       |     1 |       ||     1
 Abil: Evoke Berserk Rag |       |       |       |       |     9 ||     9
Evoke: Wand              |       |       |       |       |     8 ||     8
       Phantom mirror    |       |       |       |       |     1 ||     1
  Use: Potion            |     1 |     3 |     2 |       |     9 ||    15
       Scroll            |       |       |     3 |    11 |    25 ||    39
 Stab: Distracted        |       |       |     2 |    13 |     7 ||    22
       Paralysed         |       |       |       |       |     6 ||     6
  Eat: Chunk             |     2 |     5 |    17 |    24 |    27 ||    75
       Fruit             |       |       |       |       |     2 ||     2
       Meat ration       |       |       |       |       |     1 ||     1
Armor: Scale mail        |    72 |    83 |   127 |    32 |       ||   314
       Chain mail        |       |       |       |   184 |   195 ||   379
       Plate armour      |       |       |       |       |    88 ||    88
       Skin              |       |       |       |       |     4 ||     4
Dodge: Dodged            |    40 |    81 |   137 |   228 |   282 ||   768
Block: Shield            |    84 |   114 |   213 |   448 |   552 ||  1411
       Reflection        |       |       |       |     6 |       ||     6
